AoeStats
← Sid

Arabia

506081686Analyzed
2v2 RM · 20d ago on Sep 12, 2026· 27m 2s· 4 players
Game mode
Random Map
Map size
Medium (4 player)
Population
200
Speed
Normal
Resources
Standard
Victory
Conquest
Starting age
Dark Age
Ending age
Imperial Age
RankedLock teamsTeams togetherTeam positionsShared explorationLock speedFull tech treeHidden civsTurbo modeCheats
Victory
Defeat
🇫🇷 Jurchens · France
1432
+11
🇫🇷 Persians · France
1392
+12
🇯🇵 Ethiopians · Japan
1331
-12
🇯🇵 Jurchens · Japan
1303
-11
Tom
6:27 Loom
9:23 Feudal Age
10:10 Double-Bit Axe
10:05 Horse Collar
15:10 Scale Barding Armor
17:36 Forging
22:59 Castle Age
22:14 Bloodlines
23:56 Bow Saw
23:16 Light Cavalry
24:56 Horse Collar
Ziko
6:38 Loom
9:15 Feudal Age
17:34 Double-Bit Axe
20:56 Castle Age
21:42 Scale Barding Armor
21:59 Bloodlines
23:13 Chain Barding Armor
26:23 Forging
fumin
7:17 Loom
9:37 Feudal Age
10:06 Double-Bit Axe
9:43 Man-at-Arms
23:16 Castle Age
21:24 Horse Collar
22:06 Scale Mail Armor
23:13 Forging
23:10 Gold Mining
24:29 Chain Mail Armor
24:17 Squires
24:50 Bow Saw
24:45 Heavy Plow
Sid
6:33 Loom
9:52 Feudal Age
11:27 Double-Bit Axe
23:31 Castle Age
21:28 Gold Mining
21:22 Horse Collar
21:50 Scale Barding Armor
23:45 Bloodlines
23:27 Stone Mining
23:54 Forging
26:45 Fletching
Connection lost

Rejoining the realm…

Still unreachable

The connection could not be restored.

Session expired

The server has moved on; the page needs a fresh start.